 Dungeon Crawl Stone Soup version 0.29-a0-375-g5102b3be25 (webtiles) character file.

Game seed: 501475440948692878

378 Zonian the Chiller (level 6, -3/38 (44) HPs)
             Began as a Gnoll Ice Elementalist on May 4, 2022.
             Was a Believer of Okawaru.
             Slain by a wight
             ... wielding a +3 dire flail
              (4 damage)
             ... on level 4 of the Dungeon.
             The game lasted 00:08:16 (5610 turns).

Zonian the Chiller (Gnoll Ice Elementalist)         Turns: 5610, Time: 00:08:16

HP:   -3/38 (44)    AC:  9    Str:  7    XL:     6   Next: 74%
MP:   10/14         EV: 16    Int: 17    God:    Okawaru [**....]
Gold: 231           SH:  0    Dex: 12    Spells: 8/15 levels left

rFire   . . .      SeeInvis .   o - +3 dagger
rCold   . . .      Faith    .   (no shield)
rNeg    . . .      Spirit   .   a - +0 robe
rPois   .          Reflect  .   (no helmet)
rElec   .          Harm     .   (no cloak)
rCorr   .          Rampage  .   (no gloves)
Will    .....                   (no boots)
Stlth   ++++......              (no amulet)
HPRegen 0.12/turn               (no ring)
MPRegen 0.14/turn               (no ring)

@: ice-armoured, heroic, heavily drained
A: fangs 1, strong nose, distributed training
a: Renounce Religion, Heroism


You were on level 4 of the Dungeon.
You worshipped Okawaru.
Okawaru was pleased with you.
You visited 1 branch of the dungeon, and saw 4 of its levels.

You collected 231 gold pieces.

Inventory:

Hand Weapons
 o - a +3 dagger (weapon)
 v - a +0 war axe
 z - a +0 scimitar
 A - a +1 falchion
Missiles
 m - 13 poisoned darts
Armour
 a - a +0 robe (worn)
Jewellery
 d - a +6 ring of strength
 p - a ring of magical power
Scrolls
 e - 2 scrolls of vulnerability {unknown}
 f - 3 scrolls of teleportation {unknown}
 g - a scroll of magic mapping {unknown}
 h - a scroll of immolation {unknown}
 i - 2 scrolls of blinking {unknown}
 k - 2 scrolls of brand weapon {unknown}
 l - a scroll of fog {unknown}
 s - a scroll of poison {unknown}
 y - a scroll of identify
Potions
 b - a potion of magic
 c - 2 potions of haste
 j - 2 potions of curing
 n - a potion of attraction
 q - 2 potions of flight
 r - 2 potions of ambrosia
 t - a potion of brilliance {unknown}
 u - a potion of cancellation {unknown}
 w - a potion of invisibility {unknown}
 x - 2 potions of lignification {unknown}


   Skills:
 + Level 2.1(7.1) Fighting
 + Level 2.1(7.1) Short Blades
 + Level 2.1(7.1) Long Blades
 + Level 2.1(7.1) Axes
 + Level 2.1(7.1) Maces & Flails
 + Level 2.1(7.1) Polearms
 + Level 2.1(7.1) Staves
 + Level 2.1(7.1) Slings
 + Level 2.1(7.1) Bows
 + Level 2.1(7.1) Crossbows
 + Level 2.1(7.1) Throwing
 + Level 2.1(7.1) Armour
 + Level 5.0(10.0) Dodging
 + Level 4.6(9.6) Stealth
 + Level 2.1(7.1) Shields
 + Level 2.1(7.1) Unarmed Combat
 + Level 5.4 Spellcasting
 + Level 1.6 Conjurations
 + Level 1.6 Hexes
 + Level 1.6 Summonings
 + Level 1.6 Necromancy
 + Level 1.6 Translocations
 + Level 1.6 Transmutations
 + Level 1.6 Fire Magic
 + Level 7.3 Ice Magic
 + Level 1.6 Air Magic
 + Level 1.6 Earth Magic
 + Level 1.6 Poison Magic
 + Level 2.3 Invocations
 + Level 2.1 Evocations


You had 8 spell levels left.
You knew the following spells:

 Your Spells              Type           Power      Damage    Failure   Level
a - Freeze                Ice            100%       1d11      1%          1
b - Frozen Ramparts       Ice            58%        1d7       1%          3
c - Ozocubu's Armour      Ice            29%        N/A       1%          3

Your spell library contained the following spells:

 Spells                   Type           Power      Damage    Failure   Level
 Hailstorm                Conj/Ice       19%        3d6       22%         4


Dungeon Overview and Level Annotations

Branches:
Dungeon (4/15)             Temple (0/1) D:4

Altars:
Okawaru

Shops:
D:1 *

Annotations:
D:2 1 runed translucent door, Crazy Yiuf


Innate Abilities, Weirdness & Mutations

You have very sharp teeth.
Your uncanny sense of smell can sniff out nearby items.
Your experience applies equally to all skills.


Message History

A wight is nearby!
A wight is nearby!
The wight attacks as you move away!
The wight hits you with a +3 dire flail!
Unknown command.
Casting: Freeze (safe; 1% risk of failure)
Confirm with . or Enter, or press ? or * to list all spells.
A film of ice covers your body! The wight barely misses you.
Unknown command.
You hit the wight.
The wight is lightly damaged.
The wight hits you with a +3 dire flail!
You closely miss the wight.
The wight is lightly damaged.
The wight hits you with a +3 dire flail!
* * * LOW HITPOINT WARNING * * *
You feel drained.
* * * LOW HITPOINT WARNING * * *
You hit the wight.
The wight is heavily damaged.
The wight barely misses you.
Unknown command.
You feel better. The wight misses you.
You feel better. The wight barely misses you.
You gain the combat prowess of a mighty hero.
The wight misses you.
You hit the wight but do no damage.
The wight is heavily damaged.
The wight barely misses you.
You hit the wight.
The wight is severely damaged.
You hit the wight but do no damage.
The wight is severely damaged.
The wight misses you.
You hit the wight.
The wight is almost destroyed.
The wight hits you with a +3 dire flail!
* * * LOW HITPOINT WARNING * * *
You feel drained.
You die...

.#.######.#.#.#.######...#######.
.#.# #.#.#.......##...#######.
.#.# #.#.###.###.##...##......
.#.# #.#.. #.# #.##...##......
.#.# #.#.# #.# #.##.#.##......
.#.# #.#.###.###<...#.#######'
...# #.#............#..# #.
...######.#####)###....#..######.
#...............@z...............
##..#####.#############..........
.##.# #.##....# #.....##..# ....#
#.##....# #...#.##..# #...#
#.##....# #...#.##... ....#
#.##....#### #...#..#..# #...#
#.[......... .....##.#.## .)..#
####....#######.#.#...... .##.#
#....# #.#.#.#..#.


You could see a wight.

Vanquished Creatures
  3 wights (D:4)
  A hound (D:4)
  An iguana (D:3)
  Terence (D:2)
  Robin (D:2)
  5 adders
  2 worms
  A dart slug (D:2)
  An orc (D:3)
  4 endoplasms
  A giant cockroach (D:1)
  14 goblins
  11 hobgoblins
  7 jackals
  7 kobolds
  A quokka (D:3)
  3 ball pythons
  3 bats
  13 frilled lizards
  3 rats
83 creatures vanquished.

Vanquished Creatures (others)
  7 plants (D:2)
7 creatures vanquished.

Grand Total: 90 creatures vanquished

Notes
Turn   | Place    | Note
-------+----------+-------------------------------------------
     0 | D:1      | Zonian the Gnoll Ice Elementalist began the quest for the
                  | Orb.
     0 | D:1      | Reached XP level 1. HP: 13/13 MP: 6/6
    14 | D:1      | Found a faded altar of an unknown god.
    31 | D:1      | Prayed at the altar of an unknown god.
    31 | D:1      | Became a worshipper of Warmaster Okawaru
    31 | D:1      | Reached * piety under Okawaru
   677 | D:1      | Found Syozar's General Store.
   744 | D:1      | Reached XP level 2. HP: 17/19 MP: 5/7
  1453 | D:1      | Reached XP level 3. HP: 25/25 MP: 7/9
  1606 | D:2      | Reached skill level 5 in Spellcasting
  1761 | D:2      | Reached skill level 1 in Invocations
  1981 | D:2      | Noticed Terence
  1986 | D:2      | Killed Terence
  1987 | D:2      | Reached skill level 1 in Fighting
  1987 | D:2      | Reached skill level 1 in Short Blades
  1987 | D:2      | Reached skill level 1 in Long Blades
  1987 | D:2      | Reached skill level 1 in Axes
  1987 | D:2      | Reached skill level 1 in Maces & Flails
  1987 | D:2      | Reached skill level 1 in Polearms
  1987 | D:2      | Reached skill level 1 in Staves
  1987 | D:2      | Reached skill level 1 in Slings
  1987 | D:2      | Reached skill level 1 in Bows
  1987 | D:2      | Reached skill level 1 in Crossbows
  1987 | D:2      | Reached skill level 1 in Throwing
  1987 | D:2      | Reached skill level 1 in Armour
  1987 | D:2      | Reached skill level 1 in Shields
  1987 | D:2      | Reached skill level 1 in Unarmed Combat
  1987 | D:2      | Reached skill level 1 in Evocations
  1987 | D:2      | Reached XP level 4. HP: 27/32 MP: 8/11
  2057 | D:2      | Found a runed translucent door.
  2058 | D:2      | Noticed Crazy Yiuf
  2168 | D:2      | Noticed Robin
  2718 | D:2      | Killed Robin
  2719 | D:2      | Reached skill level 1 in Conjurations
  2719 | D:2      | Reached skill level 1 in Hexes
  2719 | D:2      | Reached skill level 1 in Summonings
  2719 | D:2      | Reached skill level 1 in Necromancy
  2719 | D:2      | Reached skill level 1 in Translocations
  2719 | D:2      | Reached skill level 1 in Transmutations
  2719 | D:2      | Reached skill level 1 in Fire Magic
  2719 | D:2      | Reached skill level 1 in Air Magic
  2719 | D:2      | Reached skill level 1 in Earth Magic
  2719 | D:2      | Reached skill level 1 in Poison Magic
  3047 | D:2      | Learned a level 3 spell: Frozen Ramparts
  3051 | D:2      | Learned a level 3 spell: Ozocubu's Armour
  3400 | D:3      | Reached XP level 5. HP: 36/37 MP: 12/12
  4704 | D:4      | Found a staircase to the Ecumenical Temple.
  4718 | D:4      | Reached XP level 6. HP: 43/44 MP: 13/13
  5188 | D:4      | Reached ** piety under Okawaru
  5189 | D:4      | Reached skill level 5 in Dodging
  5602 | D:4      | HP: 1/40 [wight/+3 dire flail (4)]
  5610 | D:4      | HP: 1/40 [wight/+3 dire flail (16)]
  5610 | D:4      | Slain by a wight

Illustrated notes

Levels and vault maps discovered:
D:1:      sevenhm_arrival_forest_fort_small_6, layout_loops_ring,
          basic_ecumenical_altar, serial_shops, nicolae_square_shop
D:2:      layout_loops_ring, minmay_lizard_king, uniq_robin, uniq_terence,
          uniq_crazy_yiuf_cottage
D:3:      layout_loops_ring
D:4:      layout_basic, minmay_temple_entry_waves

Skill      XL: |  1  2  3  4  5  6 |
---------------+-------------------+-----
Spellcasting   | 5 |  5.4
Invocations    | 1 2 |  2.3
Fighting       | 1 2 |  2.1
Short Blades   | 1 2 |  2.1
Long Blades    | 1 2 |  2.1
Axes           | 1 2 |  2.1
Maces & Flails | 1 2 |  2.1
Polearms       | 1 2 |  2.1
Staves         | 1 2 |  2.1
Slings         | 1 2 |  2.1
Bows           | 1 2 |  2.1
Crossbows      | 1 2 |  2.1
Throwing       | 1 2 |  2.1
Armour         | 1 2 |  2.1
Shields        | 1 2 |  2.1
Unarmed Combat | 1 2 |  2.1
Evocations     | 1 2 |  2.1
Conjurations   | 1 |  1.6
Hexes          | 1 |  1.6
Summonings     | 1 |  1.6
Necromancy     | 1 |  1.6
Translocations | 1 |  1.6
Transmutations | 1 |  1.6
Fire Magic     | 1 |  1.6
Air Magic      | 1 |  1.6
Earth Magic    | 1 |  1.6
Poison Magic   | 1 |  1.6
Dodging        | 5 |  5.0
Stealth        | |  4.6
Ice Magic      | |  7.3

Action                   |  1- 3 |  4- 6 || total
-------------------------+-------+-------++-------
Melee: Whip              |    22 |       ||    22
       Dagger            |    23 |    90 ||   113
       Bite              |     1 |     7 ||     8
       Punch             |       |     4 ||     4
 Cast: Freeze            |    36 |    41 ||    77
       Frozen Ramparts   |       |     2 ||     2
       Ozocubu's Armour  |       |     4 ||     4
Invok: Heroism           |       |     1 ||     1
  Use: Scroll            |       |     5 ||     5
       Potion            |       |     2 ||     2
 Stab: Sleeping          |     2 |     8 ||    10
       Distracted        |       |     1 ||     1
Armor: Robe              |     8 |    16 ||    24
Dodge: Dodged            |    35 |    75 ||   110

Table legend: (Time is in decaauts)
 A = Elapsed time spent in this place.
 B = Non-inter-level travel time spent in this place.
 C = Inter-level travel time spent in this place.
 D = Time resting spent in this place.
 E = Time spent auto-exploring this place.
 F = Levels seen in this place.
 G = Mean time per level.
                   A        B        C        D        E       F      G
               +--------+--------+--------+--------+--------+-----+--------+
         Total |   5603 |   5546 |     57 |   1935 |   2656 |   4 | 1400.8 |
       Dungeon |   5603 |   5546 |     57 |   1935 |   2656 |   4 | 1400.8 |
               +--------+--------+--------+--------+--------+-----+--------+

Top non-repeatable levels by time:
     D:1: 1998 daAuts
     D:4: 1459 daAuts
     D:3: 1112 daAuts
     D:2: 1033 daAuts
